 Dungeon Crawl Stone Soup version 0.26-a0-597-gb535b0901c (webtiles) character file.

Game seed: 7390486008263562651

(classic levelgen) 13915 EnegeticOcto the Cleaver (level 11, 23/103 HPs)
             Began as a Deep Dwarf Fighter on Sept 1, 2020.
             Was an Elder of Makhleb.
             Quit the game on level 1 of the Orcish Mines.
             The game lasted 00:06:04 (6517 turns).

EnegeticOcto the Cleaver (Deep Dwarf Fighter)       Turns: 6517, Time: 00:06:05

Health: 23/103     AC: 17    Str: 23    XL:     11   Next: 81%
Magic:  15/15 (5)  EV:  7    Int: 14    God:    Makhleb [****..]
Gold:   826        SH: 16    Dex: 12    Spells: 10/10 levels left

rFire    . . .     SeeInvis .   a - +0 broad axe
rCold    . . .     Faith    .   c - +0 kite shield
rNeg     . . .     Spirit   .   i - +0 chain mail {rPois}
rPois    +         Reflect  +   v - +3 hat of Pondering {ponderous, MR+ MP+10 Int+5}
rElec    .         Harm     .   l - scarf {shadows}
rCorr    .                      p - +1 pair of gloves
MR       +++..                  m - +0 pair of boots
Stlth    ..........             j - amulet of reflection
HPRegen  0.00/turn              b - ring "Faij" {Wiz MR+}
MPRegen  0.14/turn              (no ring)

@: non-regenerating, drained, slow
A: damage resistance, heal wounds, sense surroundings 2, no regeneration
a: Heal Wounds, Minor Destruction, Lesser Servant of Makhleb, Major Destruction,
Renounce Religion


You were on level 1 of the Orcish Mines.
You worshipped Makhleb.
Makhleb was greatly pleased with you.
You visited 3 branches of the dungeon, and saw 13 of its levels.
You also visited: Gauntlet.

You collected 826 gold pieces.

Inventory:

Hand Weapons
 a - a +0 broad axe (weapon)
Armour
 c - a +0 kite shield (worn)
 i - a +0 chain mail of poison resistance (worn)
 l - a scarf of shadows (worn)
 m - a +0 pair of boots (worn)
 p - a +1 pair of gloves (worn)
 v - the +3 hat of Pondering (worn) {ponderous, MR+ MP+10 Int+5}
   (You found it in a Gauntlet)

   It affects your intelligence (+5).
   It affects your resistance to hostile enchantments.
   It affects your magic capacity (+10).
Jewellery
 b - the ring "Faij" (left hand) {Wiz MR+}
   (You took it off a centaur on level 8 of the Dungeon)

   [ring of wizardry]

   It improves your spell success rate.
   It affects your resistance to hostile enchantments.
 j - an amulet of reflection (around neck)
Wands
 e - a wand of paralysis (7)
 r - a wand of polymorph (7)
 s - a wand of disintegration (14)
 w - a wand of iceblast (9) {@v2}
Scrolls
 g - a scroll of fear
 h - 9 scrolls of remove curse {@r2}
 u - 2 scrolls of teleportation {@r3}
 y - a scroll of enchant weapon
 A - a scroll of fog
Potions
 d - 3 potions of might {@q3}
 f - 2 potions of heal wounds {@q2}
 o - 2 potions of haste {@q4}
 q - a potion of stabbing {unknown}
 t - a potion of lignification {unknown}
 x - a potion of curing {unknown}
 C - a potion of cancellation
Miscellaneous
 z - a box of beasts (inert)
 B - a tin of tremorstones (inert)


   Skills:
 + Level 7.8(7.1) Fighting
 * Level 12.3(11.6) Axes
 + Level 9.4(8.7) Armour
 + Level 9.4(8.7) Shields
 + Level 8.8(8.1) Invocations
 + Level 3.0(2.4) Evocations


You had 10 spell levels left.
You didn't know any spells.
Your spell library was empty.

Dungeon Overview and Level Annotations

Branches:
Dungeon (11/15)            Temple (1/1) D:6            Lair (0/6) D:8
    Orc (1/2) D:9         Gauntlet (visited)

Altars:
Ashenzari
Cheibriados
Dithmenos
Fedhas
Gozag
Hepliaklqana
Kikubaaqudgha
Makhleb
Nemelex Xobeh
Okawaru
Qazlal
Ru
Sif Muna
Trog
Uskayaw
Xom
Yredelemnul
Zin
The Shining One

Shops:
D:9 *

Annotations:
D:4 exclusion: oklob plant
D:7 Prince Ribbit


Innate Abilities, Weirdness & Mutations

You are resistant to damage.
You can heal yourself by infusing magical energy.
You passively map the area around you.
You do not regenerate.


Message History

The orc warlord roars a battlecry!
The orcs go into a battle-frenzy!
The orc priest shouts!
You hear a shout!
You hit the orc sorcerer but do no damage.
The orc sorcerer is severely wounded.
You hit the ice devil but do no damage. You slash the chaos spawn!
You hit the orc warlord. You block the orange demon's attack.
The ice devil hits you. The ice devil freezes you!
* * * LOW HITPOINT WARNING * * *
The chaos spawn briefly grows a face disturbingly similar to your own.
The chaos spawn barely misses you.
The orc sorcerer hits you but does no damage.
An orc comes into view. It is wielding a -2 dagger.
The orc warlord roars a battlecry!
The orc goes into a battle-frenzy!
You are too injured to fight recklessly!
You are too injured to fight recklessly!
You are too injured to fight recklessly!
You are too injured to fight recklessly!
You are too injured to fight recklessly!
You are too injured to fight recklessly!
You are too injured to fight recklessly!
You are too injured to fight recklessly!
You are too injured to fight recklessly!
You feel much better.
A troll comes into view.
You block the orange demon's attack. The ice devil hits you.
The ice devil freezes you! You block the chaos spawn's attack.
An orc warrior comes into view. It is wielding a +0 battleaxe.
The orc sorcerer hits you with a +0 dagger.
The orc warlord roars a battlecry!
The orc warrior goes into a battle-frenzy!
You hear a shout! x2
You feel much better.
The orc priest mumbles some strange prayers to Beogh against you.
Beogh smites you!
The orange demon stings you but does no damage.
The ice devil hits you but does no damage.
You block the chaos spawn's attack.
The orc sorcerer hits you but does no damage.
The orc warlord hits you with a +0 war axe of flaming!!
* * * LOW HITPOINT WARNING * * *
The orc warlord burns you.
* * * LOW HITPOINT WARNING * * *
You hear a shout!
You are too injured to fight recklessly!
You are too injured to fight recklessly!
You are too injured to fight recklessly!
You are too injured to fight recklessly!
You are too injured to fight recklessly!
You are too injured to fight recklessly!
You are too injured to fight recklessly!
You are too injured to fight recklessly!
You feel much better. The orange demon completely misses you.
The ice devil completely misses you. You block the chaos spawn's attack.
The orc sorcerer points at you and mumbles some strange words.
The bolt of fire hits you.
Evoke which item? (* to show all) (? for menu, Esc to quit)
Okay, then.
You block the orange demon's attack. You block the ice devil's attack.
An orc warrior comes into view. It is wielding a +0 hand axe.
An orc warrior comes into view. It is wielding a +0 glaive.
The orc priest calls upon Beogh to heal the orc sorcerer.
The orc sorcerer is healed somewhat.
An orc wizard and an orc warlord come into view.
The orc warlord is wielding a +1 vorpal great mace and wearing a +1 plate armour of fire resistance.
You block the orange demon's attack. x2
The orc warlord roars a battlecry!
The orcs go into a battle-frenzy!
The ice devil hits you but does no damage.
A troll comes into view.
An orc comes into view. It is wielding a +0 war axe.
The orc priest calls upon Beogh to heal the orc sorcerer.
The orc sorcerer is healed somewhat.
The troll misses you. The troll claws you! x2
* * * LOW HITPOINT WARNING * * *
You hear a shout!
An orc warrior comes into view. It is wielding a +0 battleaxe.
The orc warrior shouts!
The troll shouts!
You hear a shout!
The orc warrior no longer looks unusually strong.
An orc warrior comes into view. It is wielding a +4 halberd of flaming.
You block the orange demon's attack.
An orc comes into view.
It is wielding a +0 flail of protection.
The orc warlord roars a battlecry!
The orcs go into a battle-frenzy!
The troll bites you. The troll claws you. You block the troll's attack.
An orc comes into view. It is wielding a +0 flail.
You block the orange demon's attack.
An orc priest comes into view.
The orc priest shouts!
The orange demon disappears in a puff of smoke!
The orc sorcerer no longer looks unusually strong.
A warg comes into view.
The orc priest mumbles some strange prayers to Beogh against you.
You resist with almost no effort.
The orc warlord roars a battlecry!
The orcs go into a battle-frenzy!
The warg howls!
You hear a shout!
Okay, then.
Okay, then.
Are you sure you want to abandon this character and quit the game? (Confirm with "yes".)

#............ ,
##....[)†.....
#.....)......# ,
#.)>.ooo)..o#.,,
,,
##..#oo.oo..h. ,
#...oooo.ooo.. ,
#...4...o..... ,
, #...o4ToTo....
, ,
#.....@.......,
, ,,
##........#.. ,,
,, #............
, ,
##.........#.
,,,
#...........# ,
##..........# *
##.......... ,,
, * , * ,*


You could see 2 orc warlords, an ice devil (summoned), 2 trolls, a chaos spawn
(summoned), a warg, an orc sorcerer (strong), 7 orc warriors, 3 orc priests, an
orc wizard (strong) and 5 orcs.

Vanquished Creatures
  A death ooze (Gauntlet)
  A two-headed ogre (D:10)
  A cyclops (D:11)
  An orc sorcerer (Orc:1)
  An ugly thing (D:11)
  3 centaur zombies
  A gargoyle (D:10)
  A torpor snail (Gauntlet)
  Maggie (D:7)
  A komodo dragon (D:10)
  A troll (D:10)
  Grinder (D:4)
  2 hippogriffs
  3 flying skulls (Gauntlet)
  4 yaks
  A wraith (D:8)
  Menkaure (D:7)
  A porcupine (D:8)
  A hornet zombie (D:8)
  2 sky beasts
  2 ice beasts
  A black bear (D:8)
  An eye of draining (D:10)
  11 orc warriors
  7 ogres
  2 necrophages
  2 phantoms
  6 centaurs
  A big kobold (D:11)
  6 bullfrogs
  A gnoll sergeant (D:11)
  A water moccasin zombie (D:10)
  7 scorpions
  4 killer bees (D:7)
  6 wights
  A howler monkey (D:9)
  4 electric eels (D:11)
  2 quasits
  3 jellies
  9 hounds
  13 orc priests
  3 bullfrog skeletons
  3 centaur skeletons
  12 orc wizards
  An iguana (D:6)
  8 worker ants
  3 hound skeletons
  2 hound zombies
  A howler monkey zombie (D:8)
  3 gnolls (D:11)
  5 adders
  2 shadow imps
  2 white imps (D:5)
  2 ufetubi
  An ooze (D:5)
  2 adder zombies (D:9)
  An adder skeleton (D:4)
  A worm (D:5)
  7 leopard geckos
  45 orcs
  A ball python (D:2)
  2 bats (D:2)
  3 giant cockroaches
  2 goblins
  4 hobgoblins
  5 jackals
  7 kobolds
  5 quokkas
  4 frilled lizards
  2 rats
  A bush (D:11)
259 creatures vanquished.

Vanquished Creatures (collateral kills)
  A minotaur (Gauntlet)
  A warg (Orc:1)
  An orc warrior (Orc:1)
  An orc (Orc:1)
4 creatures vanquished.

Vanquished Creatures (others)
  An orc wizard (Orc:1)
  19 fungi
  23 plants
  16 withered plants (Gauntlet)
59 creatures vanquished.

Grand Total: 322 creatures vanquished

Notes
Turn   | Place    | Note
-------+----------+-------------------------------------------
     0 | D:1      | EnegeticOcto the Deep Dwarf Fighter began the quest for the
                  | Orb.
     0 | D:1      | Reached XP level 1. HP: 20/20 MP: 1/1
   165 | D:2      | Reached XP level 2. HP: 24/27 MP: 2/2
   316 | D:2      | Reached skill level 3 in Axes
   343 | D:2      | Reached XP level 3. HP: 18/33 MP: 3/3
   358 | D:3      | Found a hazy altar of Hepliaklqana.
   427 | D:4      | Reached XP level 4. HP: 42/42 MP: 4/4
   647 | D:4      | Reached skill level 4 in Axes
   647 | D:4      | Reached XP level 5. HP: 34/49 MP: 5/5
   927 | D:4      | Found a blossoming altar of Fedhas.
   948 | D:4      | Noticed an oklob plant
   990 | D:4      | Noticed Grinder
   994 | D:4      | Noticed an ogre
  1013 | D:4      | Killed an ogre
  1013 | D:4      | Reached XP level 6. HP: 29/56 MP: 6/6
  1020 | D:4      | Paralysed by Grinder for 5 turns
  1033 | D:4      | Killed Grinder
  1033 | D:4      | Reached skill level 5 in Axes
  1181 | D:4      | Reached XP level 7. HP: 56/64 MP: 5/5
  1186 | D:4      | Found a glowing silver altar of Zin.
  1186 | D:4      | Found a sparkling altar of Nemelex Xobeh.
  1192 | D:4      | Found a shadowy altar of Dithmenos.
  1194 | D:4      | Found an ancient bone altar of Kikubaaqudgha.
  1196 | D:4      | Found a hide-covered altar of Uskayaw.
  1342 | D:5      | Entered Level 5 of the Dungeon
  1410 | D:5      | Reached skill level 5 in Armour
  1410 | D:5      | Reached skill level 5 in Shields
  1465 | D:5      | Reached skill level 6 in Axes
  2197 | D:6      | Reached XP level 8. HP: 73/73 MP: 4/4
  2207 | D:6      | Found a staircase to the Ecumenical Temple.
  2241 | Temple   | Entered the Ecumenical Temple
  2382 | Temple   | Became a worshipper of Makhleb the Destroyer
  2500 | D:6      | Reached skill level 7 in Axes
  2500 | D:6      | Reached skill level 1 in Invocations
  2554 | D:6      | Found a shattered altar of Ashenzari.
  2871 | D:7      | Reached skill level 5 in Fighting
  2903 | D:7      | Found an iron altar of Okawaru.
  2922 | D:7      | Reached skill level 8 in Axes
  3040 | D:7      | Gained mutation: You passively map the area around you.
                  | [Deep Dwarf growth]
  3040 | D:7      | Reached XP level 9. HP: 34/81 MP: 5/5
  3051 | D:7      | Reached * piety under Makhleb
  3165 | D:7      | Noticed Maggie
  3166 | D:7      | Noticed Prince Ribbit
  3182 | D:7      | Killed Maggie
  3309 | D:7      | Noticed Menkaure
  3313 | D:7      | Killed Menkaure
  3313 | D:7      | Reached skill level 9 in Axes
  3456 | D:8      | Reached skill level 5 in Invocations
  3745 | D:8      | Reached ** piety under Makhleb
  3745 | D:8      | Reached XP level 10. HP: 56/91 MP: 5/5
  3784 | D:8      | Identified the ring "Faij" {Wiz MR+}
  3803 | D:8      | Reached skill level 10 in Axes
  3864 | D:8      | Found a staircase to the Lair.
  4064 | D:9      | Found a staircase to the Orcish Mines.
  4202 | D:9      | Found Ziryon's General Store.
  4755 | D:10     | Entered Level 10 of the Dungeon
  4755 | D:10     | Noticed a two-headed ogre
  4771 | D:10     | Reached *** piety under Makhleb
  4773 | D:10     | Killed a two-headed ogre
  4794 | D:10     | Noticed a gargoyle
  4817 | D:10     | Killed a gargoyle
  4844 | D:10     | Reached skill level 11 in Axes
  5201 | D:10     | Reached XP level 11. HP: 63/100 MP: 5/5
  5483 | D:10     | Reached **** piety under Makhleb
  5635 | D:11     | Found a gate leading to a gauntlet.
  5643 | Gauntlet | Entered a Gauntlet
  5650 | Gauntlet | Found a transporter.
  5650 | Gauntlet | Found a transporter.
  5659 | Gauntlet | Found the +3 hat of Pondering {ponderous, MR+ MP+10 Int+5}
  5659 | Gauntlet | Found a transporter.
  5662 | Gauntlet | Found a transporter.
  5662 | Gauntlet | Noticed a soul eater
  5664 | Gauntlet | Noticed an eight-headed hydra
  5672 | Gauntlet | Noticed a fire crab
  5673 | Gauntlet | Found a transporter.
  5719 | Gauntlet | Noticed a death ooze
  5725 | Gauntlet | Found a transporter.
  5742 | Gauntlet | Killed a death ooze
  5890 | Gauntlet | Identified the +5 falchion "Ceresto" {vorpal, rElec MR-
                  | Str+4 Dex+6}
  5890 | Gauntlet | Noticed a minotaur
  5903 | Gauntlet | Killed a minotaur
  5959 | D:11     | Reached skill level 1 in Evocations
  6004 | D:11     | Reached skill level 12 in Axes
  6177 | D:11     | Noticed a brown ugly thing
  6196 | D:11     | Killed a brown ugly thing
  6466 | Orc:1    | Entered Level 1 of the Orcish Mines
  6466 | Orc:1    | Noticed an orc warlord
  6469 | Orc:1    | Noticed an orc sorcerer
  6475 | Orc:1    | Noticed an orc sorcerer
  6485 | Orc:1    | Killed an orc sorcerer
  6514 | Orc:1    | Noticed an orc warlord
  6517 | Orc:1    | Quit the game

Illustrated notes

Levels and vault maps discovered:
D:1:      minmay_arrival_hallway, layout_basic
D:2:      layout_rooms, hangedman_decor_growths
D:3:      layout_rooms, lemuel_crystal_altar
D:4:      layout_basic, chequers_temple_overflow_minitemple, tgw_fedhas,
          uniq_grinder
D:5:      layout_basic, grunt_decor_resistance
D:6:      layout_loops_ring, old_standard_altar, minmay_temple_entry_offerings
D:7:      layout_basic, lemuel_crystal_altar, uniq_menkaure,
          uniq_prince_ribbit1, uniq_maggie
D:8:      layout_basic, grunt_lair_entry_orc_guard_hut
D:9:      layout_irregular_city, david_orc_3, serial_shops, shop_fountains
D:10:     layout_gridville, minmay_mirror_moons_of_madness
D:11:     layout_big_octagon, gauntlet_entry_generic, kb_lookout_dungeons_type
Temple:   nicolae_temple_figure_eight
Orc:1:    layout_caves

Skill      XL: |  1  2  3  4  5  6  7  8  9 10 11 |
---------------+----------------------------------+-----
Axes           | 3 4 5 6 8 9 11 12 | 12.3
Fighting       | 3 4 5 6 7 |  7.8
Armour         | 4 5 6 7 8 9 |  9.4
Shields        | 4 5 6 7 8 9 |  9.4
Invocations    | 3 5 7 8 |  8.8
Evocations     | 3 |  3.0

Action                   |  1- 3 |  4- 6 |  7- 9 | 10-12 || total
-------------------------+-------+-------+-------+-------++-------
Melee: War axe           |    93 |    87 |   360 |   224 ||   764
       Broad axe         |       |       |       |   276 ||   276
Invok: Lesser Servant of |       |       |       |     8 ||     8
 Abil: Heal Wounds       |     3 |     5 |    22 |    25 ||    55
Evoke: Wand              |       |       |       |     5 ||     5
       Box of beasts     |       |       |       |     3 ||     3
       Tin of tremorston |       |       |       |     3 ||     3
  Use: Scroll            |       |       |     8 |    10 ||    18
Armor: Scale mail        |    37 |    11 |       |       ||    48
       Chain mail        |       |    44 |   238 |   231 ||   513
Dodge: Dodged            |    27 |    17 |   113 |    81 ||   238
Block: Kite shield       |    51 |    47 |   224 |   449 ||   771
       Reflection        |       |       |       |    17 ||    17

Table legend: (Time is in decaauts)
 A = Elapsed time spent in this place.
 B = Non-inter-level travel time spent in this place.
 C = Inter-level travel time spent in this place.
 D = Time resting spent in this place.
 E = Time spent auto-exploring this place.
 F = Levels seen in this place.
 G = Mean time per level.
                   A        B        C        D        E       F      G
               +--------+--------+--------+--------+--------+-----+--------+
         Total |   6748 |   6460 |    288 |      0 |   4346 |  14 |  482.0 |
       Dungeon |   6263 |   5984 |    279 |      0 |   4039 |  11 |  569.4 |
        Temple |    151 |    142 |      9 |      0 |    131 |   1 |  151.0 |
  Orcish Mines |     53 |     53 |      0 |      0 |      0 |   1 |   53.0 |
      Gauntlet |    280 |    280 |      0 |      0 |    176 |   1 |  280.0 |
               +--------+--------+--------+--------+--------+-----+--------+

Top non-repeatable levels by time:
     D:4: 987 daAuts
    D:10: 897 daAuts
     D:9: 753 daAuts
     D:6: 682 daAuts
     D:8: 673 daAuts
     D:5: 660 daAuts
     D:7: 601 daAuts
    D:11: 578 daAuts
Gauntlet: 280 daAuts
     D:2: 272 daAuts
  Temple: 151 daAuts
     D:1: 113 daAuts
   Orc:1: 53 daAuts
     D:3: 42 daAuts
